Map: 紫晶浪漫-天梯版

Players

iGXY (XY)

  • Race: Terran Terran

夜蝶蝶蝶蝶蝶蝶蝶 (Firefly) - Winner!

  • Race: Protoss Protoss

Event: DreamHack SC2 Masters 2021 Summer

VOD

Have the link to the VOD?

Description

Time

  • Played on: May 26, 2021, 7:09 a.m.
  • Length: 6:55

All games in this series

Show
View Real Time Build Order
Export as new Build Order

iGXY Terran 

Build Orders: Reaper Expand 

Get SALT Encoding   

  12  0:00  SCV  
  13  0:12  SCV  
  14  0:17  Supply Depot  
  14  0:24  SCV  
  15  0:38  SCV  
  15  0:39  Barracks  
  16  0:44  Refinery  
  16  0:50  SCV  
  17  1:02  SCV  
  18  1:07  Engineering Bay  
  18  1:15  SCV  
  19  1:28  Reaper  
  19  1:30  Orbital Command  
  20  1:53  Command Center  
  20  1:56  SCV  
  20  2:00  Supply Depot  
  21  2:02  Marine  
  21  2:08  SCV  
  23  2:14  Factory  
  23  2:22  Barracks Reactor  
  23  2:23  SCV  
  24  2:35  SCV  
  23  2:47  SCV  
  23  2:49  Refinery  
  24  2:59  Starport, SCV  
  24  3:03  Hellion  
  24  3:04  Hellion  
  29  3:06  Orbital Command  
  29  3:11  SCV  
  30  3:24  Marine  
  30  3:25  Hellion x2  
  35  3:28  SCV  
  36  3:34  SCV  
  36  3:36  Viking  
  36  3:40  SCV  
  40  3:46  Barracks Tech Lab, SCV  
  39  3:56  SCV  
  39  4:01  SCV  
  41  4:08  SCV  
  42  4:13  SCV, Medivac  
  45  4:20  SCV  
  45  4:25  SCV  
  43  4:32  SCV  
  43  4:33  Marine x2  
  46  4:42  SCV, Siege Tank  
  46  4:43  Supply Depot  
  46  4:44  SCV  
  51  4:48  Command Center  
  51  4:51  Marine  
  52  4:54  SCV  
  52  4:56  SCV  
  54  5:04  Starport Tech Lab, Marine  
  54  5:06  SCV  
  56  5:08  SCV, Supply Depot  
  56  5:10  Marine  
  58  5:14  Siege Tank  
  58  5:18  SCV  
  62  5:26  Supply Depot  
  62  5:29  SCV, Marine x2  
  62  5:31  SCV  
  62  5:34  Banshee  
  62  5:41  SCV  
  59  5:43  SCV  
  59  5:46  Siege Tank  
  59  5:47  Marine x2  
  59  5:54  SCV  
  54  6:03  SCV  
  45  6:05  Marine x2  
  45  6:06  SCV  
  40  6:18  Siege Tank  
  40  6:20  SCV  
  40  6:22  Marine x2  
  44  6:32  SCV  
Show
View Real Time Build Order
Export as new Build Order

夜蝶蝶蝶蝶蝶蝶蝶 Protoss - Winner!

Build Orders: 1 Gate Expand, Blink Stalkers 

Get SALT Encoding   

  12  0:00  Probe  
  13  0:12  Probe  
  14  0:17  Pylon  
  14  0:24  Probe  
  15  0:35  Gateway  
  15  0:37  Probe (Chrono Boost)  
  16  0:46  Probe (Chrono Boost), Assimilator  
  17  0:51  Probe (Chrono Boost)  
  18  1:03  Probe  
  19  1:15  Probe  
  20  1:27  Cybernetics Core  
  21  1:40  Nexus  
  21  1:41  Pylon  
  21  1:42  Probe  
  21  1:48  Assimilator  
  21  1:54  Probe  
  21  2:01  Adept (Chrono Boost)  
  22  2:04  Warp Gate  
  22  2:06  Probe  
  25  2:18  Probe  
  26  2:25  Adept (Chrono Boost)  
  28  2:39  Probe  
  28  2:47  Twilight Council  
  30  2:52  Probe, Stalker (Chrono Boost)  
  30  2:53  Probe  
  32  3:01  Robotics Facility  
  32  3:04  Probe  
  32  3:05  Probe  
  34  3:14  Blink (Chrono Boost)  
  34  3:16  Probe  
  34  3:17  Probe  
  36  3:20  Stalker  
  38  3:28  Probe  
  38  3:29  Probe  
  40  3:40  Probe  
  41  3:43  Gateway  
  41  3:44  Probe  
  41  3:45  Gateway  
  42  3:52  Probe  
  41  3:56  Probe  
  41  4:01  Stalker  
  41  4:02  Observer (Chrono Boost)  
  43  4:04  Probe  
  43  4:08  Probe  
  45  4:10  Gateway  
  45  4:14  Pylon  
  45  4:16  Assimilator  
  46  4:17  Probe  
  46  4:21  Pylon  
  46  4:34  Warp Prism (Chrono Boost)  
  46  4:37  Stalker  
  47  4:39  Probe  
  47  4:42  Pylon  
  47  4:43  Stalker  
  49  4:45  Stalker  
  49  4:49  Probe  
  52  4:56  Pylon  
  52  5:00  Stalker  
  52  5:05  Stalker  
  52  5:06  Stalker  
  58  5:08  Shield Battery  
  58  5:15  Observer  
  58  5:23  Stalker  
  58  5:24  Stalker  
  60  5:38  Stalker x2  
  60  5:55  Stalker x2  
  48  6:26  Stalker x4  
  56  6:37  Probe x2  
Tags
 
Add a new tag
Caveats
  • Supply blocks, unpowered buildings, or Contaminate may cause inaccurate times.
  • Supply counts are checked every 10 seconds.